 Dungeon Crawl Stone Soup version 0.30.0-19-g36f170ea60 (webtiles) character file.

Game seed: 7240985378360762455

101 CaptainMV the Changer (level 4, -3/37 HPs)
             Began as a Draconian Wanderer on May 30, 2023.
             Slain by Duvessa
             ... wielding a +0 short sword
              (9 damage)
             ... on level 4 of the Dungeon.
             The game lasted 00:13:47 (1586 turns).

CaptainMV the Changer (Draconian Wanderer)          Turns: 1586, Time: 00:13:47

Health: -3/37      AC:  7    Str: 17    XL:     4   Next: 48%
Magic:  3/6        EV: 11    Int: 16    God:
Gold:   80         SH:  0    Dex:  6    Spells: 2/6 levels left

rFire   . . .        a - +2 hand axe
rCold   . . .        (no shield)
rNeg    . . .        (body armour unavailable)
rPois   .            (helmet restricted)
rElec   .            (no cloak)
rCorr   .            (no gloves)
SInv    .            p - +1 pair of boots
Will    .....        (no amulet)
Stlth   +            (no ring)
HPRegen 0.26/turn    (no ring)
MPRegen 0.10/turn

%: no passive effects
@: no status effects
A: AC +5, unfitting armour, cold-blooded
a: no special abilities


You were on level 4 of the Dungeon.
You visited 1 branch of the dungeon, and saw 5 of its levels.

You collected 80 gold pieces.

Inventory:

Hand Weapons
 a - a +2 hand axe (weapon)
 c - a +0 dagger
Missiles
 b - 8 boomerangs (quivered)
 e - 5 poisoned darts
Armour
 p - a +1 pair of boots (worn)
Scrolls
 j - a scroll of enchant weapon
Potions
 d - 3 potions of attraction
 h - a potion of ambrosia {unknown}
 i - a potion of degeneration {unknown}
 m - a potion of mutation {unknown}
 n - a potion of brilliance {unknown}


   Skills:
 + Level 2.4 Fighting
 + Level 3.5 Axes
 + Level 1.2 Throwing
 + Level 1.3 Dodging
 + Level 0.7 Stealth
 + Level 1.6 Spellcasting
 + Level 3.6 Transmutations
 + Level 0.8 Poison Magic


You had 2 spell levels left.
You knew the following spells:

 Your Spells              Type           Power      Damage    Failure   Level
a - Sting                 Tmut/Pois      32%        1d4       9%          1
b - Ignite Poison         Fire/Tmut/Pois 6%         N/A       34%         3

Your spell library contained the following spells:

 Spells                   Type           Power      Damage    Failure   Level
 Slow                     Hex            4%         N/A       22%         1
 Sticky Flame             Conj/Fire      1%         2d3       91%         4
 Ignition                 Fire           0%         3d3       100%        8


Dungeon Overview and Level Annotations

Branches:
Dungeon (5/15)
 Temple: D:4-7

Altars:

Shops:
D:3 !

Portals:
Abyss: D:3

Annotations:
D:3 Graphine's ghost, amateur DrAE
D:4 Dowan; Duvessa


Innate Abilities, Weirdness & Mutations

Your plain brown scales are hard. (AC +5)
You cannot fit into any form of body armour.
You are cold-blooded and may be slowed by cold attacks.


Message History

You hit Duvessa.
Duvessa is moderately wounded.
Duvessa hits you with a +0 short sword!
* * * LOW HITPOINT WARNING * * *
You barely miss Duvessa. You punch Duvessa, but do no damage.
Duvessa is moderately wounded.
Duvessa hits you with a +0 short sword.
* * * LOW HITPOINT WARNING * * *
Dowan mumbles some strange words.
Dowan blinks!
Duvessa barely misses you.
You barely miss Duvessa.
You tail-slap Duvessa, but do no damage.
Duvessa is moderately wounded.
Duvessa hits you with a +0 short sword.
* * * LOW HITPOINT WARNING * * *
Duvessa closely misses you.
You hit Duvessa but do no damage.
Duvessa is heavily wounded.
Duvessa looks more healthy.
Duvessa hits you with a +0 short sword.
* * * LOW HITPOINT WARNING * * *
Dowan gestures wildly while chanting.
Dowan blinks!
You feel better. Duvessa hits you but does no damage.
Duvessa hits you with a +0 short sword.
* * * LOW HITPOINT WARNING * * *
Dowan hits you with a +0 dagger.
* * * LOW HITPOINT WARNING * * *
You feel better. Duvessa hits you with a +0 short sword.
* * * LOW HITPOINT WARNING * * *
Dowan points at you and mumbles some strange words.
The puff of flame misses you.
The puff of flame hits Duvessa!
You feel better. Duvessa hits you with a +0 short sword.
Duvessa hits you with a +0 short sword!
* * * LOW HITPOINT WARNING * * *
Dowan hits you with a +0 dagger.
* * * LOW HITPOINT WARNING * * *
You hit Dowan but do no damage.
Dowan is almost dead.
You barely miss Duvessa. Duvessa hits you with a +0 short sword!
You die...

########## #.#
#e@eg..... #.#
#.######## #.#
#.#
###.#######.#
###...........#
#.............#
#.............#
#.............#
#.............#


You could see Duvessa (fast), Dowan and a goblin.

Vanquished Creatures
  6 adders
  4 endoplasms
  A giant cockroach (D:2)
  5 goblins
  5 hobgoblins
  4 jackals (D:3)
  4 kobolds
  5 quokkas
  2 ball pythons (D:2)
  2 bats
  A frilled lizard (D:2)
  5 rats
  A butterfly (D:1)
45 creatures vanquished.

Notes
Turn   | Place    | Note
-------+----------+-------------------------------------------
     0 | D:1      | CaptainMV the Draconian Wanderer began the quest for the
                  | Orb.
     0 | D:1      | CaptainMV set off with the following items: a +2 hand axe,
                  | 8 boomerangs, a +0 dagger, a potion of attraction; and the
                  | following spell memorised: Sting; and the following spells
                  | available to memorise: Ignite Poison.
     0 | D:1      | Reached XP level 1. HP: 17/17 MP: 2/2
   312 | D:1      | Reached XP level 2. HP: 13/24 MP: 3/3
   708 | D:2      | Reached XP level 3. HP: 27/30 MP: 0/5
  1105 | D:2      | Learned a level 3 spell: Ignite Poison
  1168 | D:3      | Found Izitis's Distillery.
  1278 | D:3      | Found a faded altar of an unknown god.
  1290 | D:3      | Reached skill level 1 in Dodging
  1290 | D:3      | Reached XP level 4. HP: 26/37 MP: 1/6
  1296 | D:3      | Got Plato's Tome of Quantum Leap
  1451 | D:3      | Found a one-way gate to the infinite horrors of the Abyss.
  1451 | D:3      | Noticed Graphine's ghost (amateur DrAE)
  1457 | D:3      | You fall into a shaft and drop 2 floors!
  1457 | D:5      | Entered Level 5 of the Dungeon
  1566 | D:4      | Noticed Dowan
  1566 | D:4      | Noticed Duvessa
  1586 | D:4      | Slain by Duvessa

Illustrated notes

Levels and vault maps discovered:
D:1:      spicycebolla_arrival_clurvy, layout_loops_ring
D:2:      layout_loops_ring, minivault_4, grunt_ministairs_4
D:3:      layout_basic, shapermc_ecumenical_altar_rom_forum,
          gammafunk_ghost_abyssal_escape, serial_shops, shop, st_stairs_14,
          kennysheep_big_empty_room
D:4:      layout_basic, fedhas_altar_1, uniq_duvessa, uniq_pikel, uniq_eustachio
D:5:      layout_layer_cave, nemelex_diamond_rough_becter, serial_shops,
          nicolae_square_shop, nicolae_titane

Skill      XL: |  1  2  3 |
---------------+----------+-----
Dodging        | 1 |  1.3
Fighting       | |  2.4
Axes           | |  3.5
Throwing       | |  1.2
Stealth        | |  0.7
Spellcasting   | |  1.6
Transmutations | |  3.6
Poison Magic   | |  0.8

Action                     |  1- 3 |  4- 6 || total
---------------------------+-------+-------++-------
  Melee: Hand axe          |    85 |    34 ||   119
         Tailslap          |     7 |     4 ||    11
         Punch             |     1 |     1 ||     2
  Throw: Boomerang         |     5 |       ||     5
   Cast: Sting             |    34 |     7 ||    41
         Ignite Poison     |     1 |       ||     1
    Use: Scroll            |       |     8 ||     8
         Potion            |       |     3 ||     3
   Stab: Sleeping          |     1 |       ||     1
         Held in net/web   |     1 |       ||     1
 Armour: Skin              |    38 |    17 ||    55
  Dodge: Dodged            |    73 |    20 ||    93
